 Dungeon Crawl Stone Soup version 0.31.0-12-g77e489cdc1 (webtiles) character file.

Game seed: 9486661659995146869

7926 Gadfly the Covert (level 11, -1/56 HPs)
             Began as a Spriggan Enchanter on Feb 15, 2024.
             Slain by a two-headed ogre
             ... wielding a +0 giant spiked club
              (33 damage)
             ... on level 9 of the Dungeon.
             The game lasted 00:29:05 (11140 turns).

Gadfly the Covert (Spriggan Enchanter)             Turns: 11140, Time: 00:29:06

Health: -1/56      AC:  4    Str: 10    XL:     11   Next: 3%
Magic:  0/24       EV: 26    Int: 17    God:
Gold:   436        SH:  0    Dex: 24    Spells: 15/26 levels left

rFire   . . .        a - +2 dagger (protect)
rCold   + . .        v - orb {*channel}
rNeg    + . .        z - +0 robe
rPois   .            C - +0 hat
rElec   .            k - +1 cloak
rCorr   .            (gloves unavailable)
SInv    +            (boots unavailable)
Will    +....        L - amulet of Linearity {Spirit rC+ Stlth+}
Stlth   ++++++       G - ring of wizardry
HPRegen 0.29/turn    J - ring "Yna Zokh" {*Slow rN+ Str+6 Dex+6}
MPRegen 0.19/turn

%: slow self (1%), guardian spirit, wizardry (x1), channel magic (20%)
@: very quick
A: very small, no large weapons, unfitting armour, see invisible, speed 3, dopey
1
a: no special abilities


You were on level 9 of the Dungeon.
You visited 2 branches of the dungeon, and saw 10 of its levels.
You also visited: Ossuary.

You collected 469 gold pieces.
You spent 33 gold pieces at shops.

Inventory:

Hand Weapons
 a - a +2 dagger of protection (weapon)
 b - a +4 hand axe of electrocution
 g - a +0 falchion
 Q - a +2 dagger
 R - a +1 vampiric short sword
Missiles
 B - 2 throwing nets
Armour
 k - a +1 cloak (worn)
 v - an orb of energy (worn)
 z - a +0 robe (worn)
 C - a +0 hat (worn)
 E - +2 acid dragon scales
Jewellery
 j - an amulet of regeneration
 m - the ring "Jahonuca" {rN+ rCorr Str-3 Dex+4 SInv}
   (You acquired it on level 3 of the Dungeon)

   [ring of positive energy]

   Str-3:     It affects your strength (-3).
   Dex+4:     It affects your dexterity (+4).
   rN+:       It protects you from negative energy.
   SInv:      It lets you see invisible.
   rCorr:     It protects you from acid and corrosion.
 s - a ring of poison resistance
 F - a ring of magical power
 G - a ring of wizardry (left hand)
 J - the ring "Yna Zokh" (right hand) {*Slow rN+ Str+6 Dex+6}
   (You found it on level 7 of the Dungeon)

   [ring of strength]

   Str+6:     It affects your strength (+6).
   Dex+6:     It affects your dexterity (+6).
   rN+:       It protects you from negative energy.
   *Slow:     It may slow you when you take damage.
 K - the ring of Peaplec {rElec rC+ SInv Stlth-}
   (You found it on level 7 of the Dungeon)

   [ring of see invisible]

   rC+:       It protects you from cold.
   rElec:     It insulates you from electricity.
   SInv:      It lets you see invisible.
   Stlth-:    It makes you less stealthy.
 L - the amulet of Linearity (around neck) {Spirit rC+ Stlth+}
   (You found it on level 7 of the Dungeon)

   [amulet of guardian spirit]

   Spirit:    It causes incoming damage to be divided between your reserves of
   health and magic.
   rC+:       It protects you from cold.
   Stlth+:    It makes you more stealthy.
 M - the ring "Wedoemual" {rPois rN+ Will- rCorr Str+4}
   (You found it on level 7 of the Dungeon)

   [ring of poison resistance]

   Str+4:     It affects your strength (+4).
   rPois:     It protects you from poison rN+: It protects you from negative
   energy.
   Will-:     It decreases your willpower.
   rCorr:     It protects you from acid and corrosion.
Wands
 i - a wand of polymorph (11)
 y - a wand of paralysis (8)
 A - a wand of digging (16)
 I - a wand of iceblast (6)
Scrolls
 l - a scroll of brand weapon
 p - 7 scrolls of teleportation
 q - 4 scrolls of enchant armour
 r - 2 scrolls of silence
 t - 2 scrolls of identify
 u - a scroll of fear
 w - a scroll of blinking
 x - 2 scrolls of fog
 D - a scroll of revelation
 H - a scroll of enchant weapon
 N - a scroll of torment
 O - a scroll of amnesia
 P - a scroll of poison
Potions
 c - 2 potions of invisibility
 d - 6 potions of curing
 e - 2 potions of might
 f - 2 potions of attraction
 h - a potion of magic
 n - 6 potions of heal wounds
 o - 4 potions of brilliance


   Skills:
 + Level 5.3 Fighting
 + Level 7.2 Short Blades
 + Level 8.8 Dodging
 + Level 10.9 Stealth
 + Level 8.2 Spellcasting
 + Level 8.6 Hexes
 + Level 8.2 Evocations


You had 15 spell levels left.
You knew the following spells:

 Your Spells              Type           Power      Damage    Failure   Level
a - Ensorcelled Hibernat  Hex/Ice        42%        N/A       4%          2
b - Confusing Touch       Hex            36%        N/A       1%          3
c - Tukima's Dance        Hex            36%        N/A       1%          3
d - Dazzling Flash        Conj/Hex       42%        N/A       6%          3

Your spell library contained the following spells:

 Spells                   Type           Power      Damage    Failure   Level
 Stone Arrow              Conj/Erth      12%        3d7       24%         3
 Animate Armour           Summ/Erth      12%        N/A       54%         4
 Animate Dead             Necr           6%         N/A       54%         4
 Haunt                    Necr/Summ      3%         N/A       100%        7
 Infestation              Necr           3%         N/A       100%        8
 Lehudib's Crystal Spear  Conj/Erth      3%         10d2      100%        8


Dungeon Overview and Level Annotations

Branches:
Dungeon (9/15)             Temple (1/1) D:6            Lair (0/5) D:8
Ossuary (visited)
    Orc: D:9-12

Altars:
Cheibriados
Dithmenos
Elyvilon
Hepliaklqana
Kikubaaqudgha
Makhleb
Nemelex Xobeh
Okawaru
Qazlal
Ru
Sif Muna
Trog
Uskayaw
Vehumet
Wu Jian
Yredelemnul
Zin
The Shining One

Shops:
D:2 !   D:4 *


Innate Abilities, Weirdness & Mutations

You are very small and have problems with some larger weapons.
You are too small for most types of armour.
You have supernaturally acute eyesight. (SInv)
You cover ground extremely quickly. (Speed+++)
You are dopey. (Int -2)


Message History

You closely miss the orc. You closely miss the orc. The orc misses you.
The orc struggles to resist.
The orc misses you.
You hit the orc.
Your weapon exudes an aura of protection.
The orc is heavily wounded.
The orc looks drowsy...
The helpless orc fails to defend itself.
You perforate the orc like a sieve!!!!
You kill the orc!
The orc warrior looks drowsy...
The helpless orc warrior fails to defend itself.
You perforate the orc warrior like a sieve!!!!
You kill the orc warrior!
The orc looks drowsy...
A two-headed ogre comes into view.
It is wielding two +0 giant spiked clubs.
The helpless orc fails to defend itself.
You perforate the orc like a sieve!!!!
You kill the orc!
The orc wizard closely misses you.
The two-headed ogre shouts in stereo!
Items here: )))) [.
The two-headed ogre easily resists.
The two-headed ogre closely misses you.
The two-headed ogre completely misses you.
The orc wizard closely misses you.
The two-headed ogre easily resists.
The orc wizard casts a spell at you.
The magic dart hits you but does no damage.
The two-headed ogre easily resists.
The two-headed ogre misses you. The two-headed ogre closely misses you.
The orc wizard misses you.
The two-headed ogre easily resists.
The two-headed ogre misses you.
The two-headed ogre hits you with a +0 giant spiked club!!
The orc wizard misses you.
The two-headed ogre looks drowsy...
The orc wizard misses you.
The two-headed ogre is unaffected.
The orc wizard misses you.
The two-headed ogre shouts in stereo!
You don't have enough magic to cast this spell.
The two-headed ogre hits you with a +0 giant spiked club!!
Ouch! That really hurt!
You die...

##.#.........#........#.#
....<...#.##.......#...#..
.#.....##..#......##.....#
#
###..............####...#
####..........#....#....
..............###.......
...........#...##..(....
..[.>.......##.#........
.......@.......#........
.......O)#####..........
..##.....o# ..........
#.......# ..........
.......##... ..........
.......# #.............
...###... .............
... .... .#..###..... ####
##.. ##....


You could see a two-headed ogre and an orc wizard.

Vanquished Creatures
  Erolcha (D:9)
  A boulder beetle (D:7)
  A two-headed ogre (D:7)
  2 manticores (D:7)
  Maggie (D:6)
  A komodo dragon (D:7)
  Prince Ribbit (D:6)
  A troll (D:7)
  Eustachio (D:4)
  A steam dragon (D:9)
  A vampire mosquito (D:7)
  A basilisk (D:7)
  2 water moccasins
  An orc warrior (D:9)
  3 ice beasts (D:6)
  The ghost of jimmypageman the Shield-Bearer, an amateur MiFi (D:4)
  A sky beast (D:7)
  2 centaurs
  4 ogres
  A phantom (D:6)
  3 kobold brigands
  Blork the orc (D:6)
  4 elf zombies (Ossuary)
  4 bullfrogs
  A gnoll sergeant (D:6)
  A necrophage (D:4)
  2 scorpions (D:5)
  A water moccasin skeleton (D:4)
  A wight (D:7)
  2 howler monkeys (D:7)
  A bullfrog zombie (D:4)
  5 centaur zombies
  3 human zombies (Ossuary)
  A jelly (D:5)
  4 orc priests
  Crazy Yiuf (D:6)
  A bullfrog skeleton (D:4)
  2 gnoll boudas
  3 hounds (D:7)
  2 iguanas
  6 orc wizards
  3 mummies (Ossuary)
  5 adders
  16 gnolls
  3 shadow imps
  3 white imps
  2 ufetubi (D:5)
  2 ribbon worms
  A dart slug (D:1)
  23 orcs
  6 endoplasms
  3 giant cockroaches
  2 goblins (D:1)
  2 hobgoblins (D:2)
  4 quokkas
  8 ball pythons
  3 bats
  5 frilled lizards
  13 kobolds
  5 rats
186 creatures vanquished.

Vanquished Creatures (collateral kills)
  Jeremiah (D:7)
1 creature vanquished.

Grand Total: 187 creatures vanquished

Notes
Turn   | Place    | Note
-------+----------+-------------------------------------------
     0 | D:1      | Gadfly the Spriggan Enchanter began the quest for the Orb.
     0 | D:1      | Reached XP level 1. HP: 9/9 MP: 5/5
   203 | D:1      | Reached XP level 2. HP: 13/13 MP: 6/6
   206 | D:1      | Learned a level 2 spell: Ensorcelled Hibernation
   579 | D:1      | Reached skill level 1 in Evocations
   998 | D:2      | Found Erirphe's Distillery.
  1023 | D:2      | Bought a potion of curing for 33 gold pieces
  1122 | D:2      | Reached XP level 3. HP: 10/17 MP: 8/8
  1215 | D:2      | Learned a level 3 spell: Confusing Touch
  1658 | D:2      | Learned a level 3 spell: Tukima's Dance
  2112 | D:3      | Found a glowing silver altar of Zin.
  2225 | D:3      | Reached skill level 5 in Stealth
  2344 | D:3      | Reached XP level 4. HP: 10/21 MP: 1/10
  2524 | D:3      | Identified a scroll of acquirement
  2599 | D:3      | Reached skill level 1 in Fighting
  2655 | D:3      | Acquired the ring "Jahonuca" {rN+ rCorr Str-3 Dex+4 SInv}
  2859 | D:3      | Reached XP level 5. HP: 25/25 MP: 11/11
  2863 | D:3      | Learned a level 3 spell: Dazzling Flash
  3394 | D:4      | Found a sand-covered staircase.
  3405 | Ossuary  | Entered an ossuary
  3507 | Ossuary  | Reached XP level 6. HP: 26/30 MP: 8/13
  3607 | Ossuary  | Reached skill level 6 in Stealth
  3635 | Ossuary  | Reached XP level 7. HP: 35/35 MP: 11/14
  3692 | Ossuary  | Reached skill level 5 in Hexes
  4157 | D:4      | Gained mutation: Potions are less effective at restoring
                  | your health. [potion of mutation]
  4157 | D:4      | Gained mutation: You have a pair of small horns on your
                  | head. [potion of mutation]
  4158 | D:4      | Lost mutation: You have a pair of small horns on your head.
                  | [potion of mutation]
  4158 | D:4      | Lost mutation: Potions are less effective at restoring your
                  | health. [potion of mutation]
  4158 | D:4      | Gained mutation: You are dopey. (Int -2) [potion of
                  | mutation]
  4293 | D:4      | Noticed Eustachio
  4314 | D:4      | Killed Eustachio
  4315 | D:4      | Reached skill level 5 in Dodging
  4506 | D:4      | Found a transporter.
  4508 | D:4      | Noticed jimmypageman's ghost (amateur MiFi)
  4586 | D:4      | Found Arageib's Assorted Antiques.
  4633 | D:4      | Found a transporter.
  4764 | D:5      | Entered Level 5 of the Dungeon
  4882 | D:5      | Reached skill level 7 in Stealth
  4882 | D:5      | Reached skill level 5 in Spellcasting
  4882 | D:5      | Reached XP level 8. HP: 39/39 MP: 13/16
  6086 | D:6      | Found a staircase to the Ecumenical Temple.
  6099 | Temple   | Entered the Ecumenical Temple
  6244 | D:6      | Noticed Blork the orc
  6250 | D:6      | Killed Blork the orc
  6251 | D:6      | Reached skill level 5 in Evocations
  6439 | D:6      | Noticed Maggie
  6450 | D:6      | Killed Maggie
  6451 | D:6      | Reached skill level 8 in Stealth
  6500 | D:6      | Reached skill level 5 in Short Blades
  6509 | D:6      | Reached XP level 9. HP: 43/44 MP: 16/19
  6537 | D:6      | Noticed Prince Ribbit
  6540 | D:6      | Killed Prince Ribbit
  6997 | D:6      | Found a runed translucent door.
  6998 | D:6      | Noticed Crazy Yiuf
  7143 | D:6      | Killed Crazy Yiuf
  7355 | D:7      | Noticed Jeremiah
  7890 | D:7      | Killed Jeremiah
  7952 | D:7      | Reached skill level 9 in Stealth
  8747 | D:7      | Noticed a manticore
  8752 | D:7      | Killed a manticore
  8753 | D:7      | Reached XP level 10. HP: 51/51 MP: 14/21
  8898 | D:7      | Noticed a manticore
  8901 | D:7      | Killed a manticore
  8914 | D:7      | Identified the ring "Yna Zokh" {*Slow rN+ Str+6 Dex+6}
  8914 | D:7      | Noticed a two-headed ogre
  8915 | D:7      | Killed a two-headed ogre
  8916 | D:7      | Reached skill level 10 in Stealth
  8928 | D:7      | Identified the ring of Peaplec {rElec rC+ SInv Stlth-}
  8931 | D:7      | Noticed a boulder beetle
  8933 | D:7      | Killed a boulder beetle
  8944 | D:7      | Reached skill level 5 in Fighting
  8972 | D:7      | Identified the amulet of Linearity {Spirit rC+ Stlth+}
  8975 | D:7      | Identified the ring "Wedoemual" {rPois rN+ Will- rCorr
                  | Str+4}
  9884 | D:8      | Found a staircase to the Lair.
 10537 | D:4      | Killed jimmypageman's ghost
 10753 | D:9      | Noticed Erolcha
 10757 | D:9      | Killed Erolcha
 10765 | D:9      | Reached XP level 11. HP: 56/56 MP: 24/24
 11131 | D:9      | Noticed a two-headed ogre
 11140 | D:9      | Slain by a two-headed ogre

Illustrated notes

Levels and vault maps discovered:
D:1:      lightli_arrival_statue_moat, layout_basic
D:2:      layout_basic, serial_shops, nicolae_shop_industrial_runoff
D:3:      layout_basic, mainiacjoe_overflow_24_doors
D:4:      layout_gridville, serial_shops, nicolae_shop_just_a_little_nook,
          gammafunk_ghost_mausoleum, mainiacjoe_ossuary_entry_dusty_tomb,
          uniq_eustachio
D:5:      layout_layer_cave
D:6:      layout_cave_pools, minmay_temple_entry_junction, uniq_blork_the_orc,
          uniq_maggie, uniq_prince_ribbit1, uniq_crazy_yiuf_cottage
D:7:      minmay_the_grid_triangle_9x9_rhombus_full
          [minmay_the_grid_triangle_9x9_shrine,
          minmay_the_grid_triangle_9x9_corruption,
          minmay_the_grid_triangle_9x9_thin_v,
          minmay_the_grid_triangle_9x9_sprig,
          minmay_the_grid_triangle_9x9_skeleton,
          minmay_the_grid_triangle_9x9_minimal,
          minmay_the_grid_triangle_9x9_flanged_cone,
          minmay_the_grid_triangle_9x9_prize_special], layout_basic,
          uniq_jeremiah
D:8:      layout_loops_ring, dpeg_oklobed_lair, nicolae_elevator_lobby_plus
D:9:      layout_cave_pools, mainiacjoe_overflow_catwalk_spiral, uniq_maurice,
          uniq_joseph, uniq_erolcha
Temple:   bh_familiar_temple

Skill      XL: |  1  2  3  4  5  6  7  8  9 10 |
---------------+-------------------------------+-----
Dodging        | 3 4 5 6 7 8 |  8.8
Evocations     | 1 2 3 4 5 6 8 |  8.2
Spellcasting   | 3 4 5 6 7 8 |  8.2
Hexes          | 4 5 6 7 8 |  8.6
Stealth        | 5 6 7 8 9 10 | 10.9
Short Blades   | 2 3 4 5 6 7 |  7.2
Fighting       | 1 2 3 4 5 |  5.3

Action                     |  1- 3 |  4- 6 |  7- 9 | 10-12 || total
---------------------------+-------+-------+-------+-------++-------
  Melee: Dagger            |    82 |   180 |   253 |   155 ||   670
         Punch             |       |     5 |     1 |       ||     6
   Cast: Ensorcelled Hiber |    20 |    16 |    71 |    52 ||   159
         Confusing Touch   |       |     5 |    13 |     5 ||    23
         Tukima's Dance    |       |       |     1 |       ||     1
         Dazzling Flash    |       |       |     1 |       ||     1
    Use: Scroll            |     2 |     7 |     8 |     3 ||    20
         Potion            |     1 |       |     3 |       ||     4
   Stab: Sleeping          |    28 |    13 |    50 |    36 ||   127
         Distracted        |     1 |       |     4 |       ||     5
         Confused          |       |     7 |    16 |     5 ||    28
 Armour: Robe              |    21 |    45 |    73 |    39 ||   178
  Dodge: Dodged            |    46 |   126 |   218 |   153 ||   543
